 Dungeon Crawl Stone Soup version 0.30-a0-358-g0d69a1922f (webtiles) character file.

Game seed: 7661795851435427840

61 Lobster4 the Gusty (level 4, -2/32 HPs)
             Began as a Human Air Elementalist on Nov 9, 2022.
             Slain by a goblin
             ... wielding a +0 dagger
             ... led by Robin
              (6 damage)
             ... on level 3 of the Dungeon.
             The game lasted 00:06:40 (2484 turns).

Lobster4 the Gusty (Human Air Elementalist)         Turns: 2484, Time: 00:06:41

Health: -2/32      AC:  2    Str:  9    XL:     4   Next: 27%
Magic:  0/7        EV: 12    Int: 17    God:
Gold:   78         SH:  0    Dex: 13    Spells: 6/7 levels left

rFire   . . .      SeeInvis .    a - +3 short sword
rCold   . . .      Faith    .    (no shield)
rNeg    . . .      Spirit   .    j - +0 robe
rPois   .          Reflect  .    (no helmet)
rElec   .          Harm     .    (no cloak)
rCorr   .          Rampage  .    (no gloves)
Will    .....                    (no boots)
Stlth   ++........               (no amulet)
HPRegen 0.25/turn                (no ring)
MPRegen 0.10/turn                (no ring)

@: hasted, very quick
A: no striking features
a: no special abilities


You were on level 3 of the Dungeon.
You visited 1 branch of the dungeon, and saw 3 of its levels.

You collected 78 gold pieces.

Inventory:

Hand Weapons
 a - a +3 short sword (weapon)
 f - a +0 dagger
Missiles
 i - 6 javelins
 o - 4 poisoned darts
Armour
 g - a +0 leather armour
 j - a +0 robe (worn)
 k - a +0 kite shield
Magical Staves
 e - a staff of earth
Jewellery
 h - an amulet of faith
Potions
 b - 2 potions of magic
 c - a potion of might {unknown}
 d - a potion of curing {unknown}
 l - a potion of cancellation {unknown}
 m - 2 potions of haste


   Skills:
 + Level 1.3 Fighting
 + Level 0.3 Short Blades
 + Level 1.3 Armour
 - Level 2.0 Dodging
 - Level 2.0 Stealth
 + Level 2.4 Spellcasting
 + Level 1.7 Conjurations
 + Level 3.4 Air Magic


You had 6 spell levels left.
You knew the following spells:

 Your Spells              Type           Power      Damage    Failure   Level
a - Shock                 Conj/Air       40%        1d5       6%          1

Your spell library contained the following spells:

 Spells                   Type           Power      Damage    Failure   Level
 Static Discharge         Conj/Air       20%        2-3/arc   10%         2
 Swiftness                Air            13%        N/A       14%         3
 Slow                     Hex            8%         N/A       19%         1
 Scorch                   Fire           4%         2d5       28%         2
 Airstrike                Air            6%         2d(1-17)  41%         4
 Confusing Touch          Hex            2%         N/A       50%         3
 Vampiric Draining        Necr           2%         2d6       50%         3
 Flame Wave               Conj/Fire      5%         2d5       77%         4
 Freezing Cloud           Conj/Ice/Air   3%         6-21      94%         5
 Simulacrum               Ice/Necr       1%         N/A       100%        6
 Summon Cactus Giant      Summ           1%         N/A       100%        6
 Polar Vortex             Ice            1%         N/A       100%        9


Dungeon Overview and Level Annotations

Branches:
Dungeon (3/15)

Altars:


Message History

Robin is almost dead.
The goblin closely misses you. Robin throws the goblin at you!
The goblin hits you with a +0 dagger. The hobgoblin hits you.
You aren't carrying any scrolls.
Unknown command.
You aren't carrying any scrolls.
Unknown command.
Okay, then.
Casting: Shock (safe; 7% risk of failure)
Confirm with . or Enter, or press ? or * to list all spells.
Aiming: Shock (safe; 7% risk of failure)
Press: ? - help, Shift-Dir - straight line The zap hits Robin.
You kill Robin!
The zap hits the goblin.
The goblin is heavily wounded.
The zap hits the goblin.
You kill the goblin!
The goblin hits you with a +0 dagger.
* * * LOW HITPOINT WARNING * * *
The goblin barely misses you. The hobgoblin closely misses you.
The goblin hits you with a +0 dagger.
* * * LOW HITPOINT WARNING * * *
The goblin closely misses you. The hobgoblin barely misses you.
The hobgoblin attacks as you move away! The hobgoblin closely misses you.
The goblin no longer looks unusually strong.
The goblin closely misses you. The goblin hits you with a +0 dagger.
* * * LOW HITPOINT WARNING * * *
The goblin attacks as you move away! The goblin closely misses you.
The goblin attacks as you move away! The goblin barely misses you.
The hobgoblin attacks as you move away! The hobgoblin hits you.
* * * LOW HITPOINT WARNING * * *
A goblin comes into view. It is wielding a +0 dagger.
The goblin attacks as you move away! The goblin closely misses you.
The hobgoblin no longer looks unusually strong.
The hobgoblin closely misses you.
You aren't carrying any scrolls.
It was a potion of haste.
You feel yourself speed up. The goblin hits you with a +0 dagger.
You die...

###...### #...)†..#
##.....## #.....[.#
#.......## #...)...#
.........####.......#
.........g......g...#
.........####.......#
#.......## #..ggg..#
##.....## ####g####
##...## #@# ##'## #.#
#.# #.# #.# #.# #.#
..# ... ### ...##
...)# ####.#


You could see 2 hobgoblins and 3 goblins.

Vanquished Creatures
  Robin (D:3)
  2 adders (D:2)
  2 dart slugs
  4 endoplasms
  2 giant cockroaches (D:1)
  3 hobgoblins
  3 kobolds
  A quokka (D:1)
  A ball python (D:1)
  3 bats
  3 frilled lizards (D:1)
  4 goblins
29 creatures vanquished.

Notes
Turn   | Place    | Note
-------+----------+-------------------------------------------
     0 | D:1      | Lobster4 the Human Air Elementalist began the quest for the
                  | Orb.
     0 | D:1      | Reached XP level 1. HP: 13/13 MP: 3/3
   548 | D:1      | Reached XP level 2. HP: 20/20 MP: 1/5
  1532 | D:2      | Reached skill level 1 in Fighting
  1532 | D:2      | Reached skill level 1 in Armour
  1532 | D:2      | Reached XP level 3. HP: 24/26 MP: 1/6
  2420 | D:3      | Noticed Robin
  2437 | D:3      | Reached XP level 4. HP: 25/32 MP: 2/7
  2478 | D:3      | Killed Robin
  2484 | D:3      | Slain by a goblin

Illustrated notes

Levels and vault maps discovered:
D:1:      lemuel_arrival_tunnels, layout_loops_ring
D:2:      layout_loops_ring
D:3:      layout_loops_corners, lemuel_doored_altar, portal_sewer_entry_c,
          nicolae_concentric_dashed_squares_wild, uniq_sigmund, uniq_robin

Skill      XL: |  1  2 |
---------------+-------+-----
Fighting       | 1 |  1.3
Armour         | 1 |  1.3
Short Blades   | |  0.3
Dodging        | |  2.0
Stealth        | |  2.0
Spellcasting   | |  2.4
Conjurations   | |  1.7
Air Magic      | |  3.4

Action                   |  1- 3 |  4- 6 || total
-------------------------+-------+-------++-------
Melee: Dagger            |     5 |       ||     5
       Short sword       |     4 |     8 ||    12
 Cast: Shock             |    63 |     6 ||    69
  Use: Scroll            |     3 |       ||     3
       Potion            |       |     1 ||     1
Armor: Robe              |     4 |     1 ||     5
Dodge: Dodged            |    24 |    16 ||    40

Table legend: (Time is in decaauts)
 A = Elapsed time spent in this place.
 B = Non-inter-level travel time spent in this place.
 C = Inter-level travel time spent in this place.
 D = Time resting spent in this place.
 E = Time spent auto-exploring this place.
 F = Levels seen in this place.
 G = Mean time per level.
                   A        B        C        D        E       F      G
               +--------+--------+--------+--------+--------+-----+--------+
         Total |   2482 |   2411 |     71 |    343 |   1682 |   3 |  827.3 |
       Dungeon |   2482 |   2411 |     71 |    343 |   1682 |   3 |  827.3 |
               +--------+--------+--------+--------+--------+-----+--------+

Top non-repeatable levels by time:
     D:1: 1306 daAuts
     D:2: 1035 daAuts
     D:3: 140 daAuts
